 Dungeon Crawl Stone Soup version 0.31-a0-446-g07c4bd200f (webtiles) character file.

Game seed: 9564211023404115365

31887 IndexError the Thaumaturge (level 13, -6/99 HPs)
             Began as a Gnoll Fire Elementalist on Aug 2, 2023.
             Was an Elder of Vehumet.
             Mangled by a yak (12 damage)
             ... led by a torpor snail
             ... on level 5 of the Lair of Beasts on Aug 3, 2023.
             The game lasted 00:47:43 (20984 turns).

IndexError the Thaumaturge (GnFE)                  Turns: 20984, Time: 00:47:43

Health: -6/99      AC: 15    Str:  8    XL:     13   Next: 61%
Magic:  25/27      EV: 14    Int: 19    God:    Vehumet [****..]
Gold:   967        SH:  0    Dex: 17    Spells: 5/32 levels left

rFire   + + +        v - staff of fire {rF+}
rCold   + . .        (no shield)
rNeg    . . .        K - quicksilver dragon scales
rPois   +            I - +2 helmet
rElec   +            M - scarf "Xonuowick" {rC+ rF+, +Inv rElec rPois Dex+4}
rCorr   .            (no gloves)
SInv    .            (no boots)
Will    +....        (no amulet)
Stlth   ++++         g - ring of protection from fire {rF+, !d}
HPRegen 0.36/turn    G - ring of flight {+Fly, !d}
MPRegen 0.20/turn

%: no passive effects
@: lethally poisoned (-6 -> -17), flying, slowed, studying Translocations, very
slow
A: fangs 1, strong nose, distributed training
a: Renounce Religion, Evoke Invisibility


You were on level 5 of the Lair of Beasts.
You worshipped Vehumet.
Vehumet was greatly pleased with you.
You visited 3 branches of the dungeon, and saw 17 of its levels.
You also visited: Sewer.

You collected 967 gold pieces.

Inventory:

Hand Weapons
 k - a +3 short sword
   (You took it off an orc on level 2 of the Dungeon)
Missiles
 c - 5 silver javelins
 j - 7 curare-tipped darts
 q - 6 throwing nets {=f, !d}
Armour
 D - the +3 hat of Pondering {ponderous, Will+ MP+10 Int+5}
   (You took it off Gastronok on level 1 of the Lair of Beasts)

   Int:       It affects your intelligence (+5).
   MP:        It affects your magic capacity (+10).
   Will:      It increases your willpower.
 I - a +2 helmet (worn)
   (You found it on level 6 of the Dungeon)
 K - quicksilver dragon scales (worn)
   (You found it on level 7 of the Dungeon)
 M - the scarf "Xonuowick" (worn) {rC+ rF+, +Inv rElec rPois Dex+4}
   (You acquired it on level 10 of the Dungeon)

   Dex:       It affects your dexterity (+4).
   rElec:     It insulates you from electricity.
   rPois:     It protects you from poison.
   +Inv:      It lets you turn invisible.
Magical Staves
 u - a staff of conjuration {!a}
   (You found it on level 3 of the Dungeon)
 v - a staff of fire (weapon) {rF+}
   (You found it on level 4 of the Dungeon)
 J - a staff of death {rN+}
   (You found it on level 1 of the Lair of Beasts)
Jewellery
 a - a ring of fire {rF+, rC-}
   (You found it on level 10 of the Dungeon)
 e - a ring of ice {rC+, rF-}
   (You found it on level 1 of the Dungeon)
 g - a ring of protection from fire (left hand) {rF+, !d}
   (You found it on level 1 of the Dungeon)
 s - an amulet of guardian spirit {Spirit}
   (You found it on level 3 of the Dungeon)
 G - a ring of flight (right hand) {+Fly, !d}
   (You found it on level 6 of the Dungeon)
 P - a ring of resist corrosion
   (You found it on level 3 of the Lair of Beasts)
Wands
 w - a wand of polymorph (21)
   (You found it on level 4 of the Dungeon)
 y - a wand of flame (38)
   (You took it off Ijyb on level 5 of the Dungeon)
 E - a wand of roots (18)
   (You found it on level 6 of the Dungeon)
 H - a wand of paralysis (23)
   (You found it on level 6 of the Dungeon)
 L - a wand of digging (7)
   (You found it on level 8 of the Dungeon)
 N - a wand of quicksilver (8)
   (You found it on level 8 of the Dungeon)
Scrolls
 i - 5 scrolls of teleportation
 l - a scroll of poison
 n - 4 scrolls of revelation
 o - 2 scrolls of fog
 t - 3 scrolls of enchant weapon
 x - 6 scrolls of amnesia
 C - 3 scrolls of vulnerability {!r!r}
 Q - a scroll of immolation {unknown}
 T - a scroll of silence {unknown}
Potions
 b - 3 potions of magic
 d - 3 potions of curing {unknown}
 f - 3 potions of attraction {!q}
 h - 5 potions of might {unknown}
 m - 4 potions of enlightenment
 r - 3 potions of ambrosia
 z - 3 potions of heal wounds
 A - 2 potions of resistance
 B - 2 potions of brilliance
 F - 2 potions of invisibility
 R - a potion of mutation {unknown}
 S - 2 potions of lignification {unknown}
Miscellaneous
 O - a lightning rod (4/4)
   (You found it on level 1 of the Lair of Beasts)


   Skills:
 + Level 8.6 Fighting
 + Level 8.6 Short Blades
 + Level 8.6 Long Blades
 + Level 8.6 Axes
 + Level 8.6 Maces & Flails
 + Level 8.6 Polearms
 + Level 8.6 Staves
 + Level 8.6 Ranged Weapons
 + Level 8.6 Throwing
 + Level 8.6 Armour
 + Level 9.8 Dodging
 + Level 9.6 Stealth
 + Level 8.6 Shields
 + Level 8.6 Unarmed Combat
 + Level 10.0 Spellcasting
 + Level 7.5 Conjurations
 + Level 7.1 Hexes
 + Level 7.1 Summonings
 + Level 7.1 Necromancy
 + Level 9.4 Translocations
 + Level 7.1 Transmutations
 + Level 9.1 Fire Magic
 + Level 7.1 Ice Magic
 + Level 7.1 Air Magic
 + Level 7.1 Earth Magic
 + Level 7.1 Poison Magic
 + Level 9.4 Invocations
 + Level 8.6 Evocations
 + Level 7.1 Shapeshifting


You had 5 spell levels left.
You knew the following spells:

 Your Spells              Type           Power      Damage    Failure   Level
a - Foxfire               Conj/Fire      100%       2x1d9     1%          1
b - Scorch                Fire           100%       2d9       1%          2
c - Inner Flame           Hex/Fire       57%        N/A       1%          3
d - Volatile Blastmotes   Fire/Tloc      100%       2d18      1%          3
e - Flame Wave            Conj/Fire      58%        2d14      1%          4
f - Sandblast             Erth           72%        2d16      1%          1
g - Blink                 Tloc           90%        N/A       1%          2
h - Frozen Ramparts       Ice            72%        1d11      1%          3
i - Airstrike             Air            18%        2d(3-19)  2%          4
j - Fulminant Prism       Conj/Hex       18%        3d10      2%          4

Your spell library contained the following spells:

 Spells                   Type           Power      Damage    Failure   Level
 Lee's Rapid Deconstruct  Erth           18%        3d11*     7%          5
 Apportation              Tloc           90%        N/A       1%          1
 Shock                    Conj/Air       100%       1d9       1%          1
 Lesser Beckoning         Tloc           90%        N/A       1%          2
 Momentum Strike          Conj/Tloc      82%        3d10      1%          2
 Gell's Gravitas          Tloc           45%        N/A       1%          3
 Teleport Other           Tloc           45%        N/A       1%          3
 Vhi's Electric Charge    Tloc/Air       82%        N/A       1%          3
 Swiftness                Air            36%        N/A       3%          3
 Arcjolt                  Conj/Air       18%        1d28      7%          5
 Alistair's Intoxication  Tmut/Pois      24%        N/A       26%         5
 Dispersal                Tloc           22%        N/A       52%         6
 Maxwell's Capacitive Co  Air            18%        ∞         100%        8


Dungeon Overview and Level Annotations

Branches:
Dungeon (11/15)            Temple (1/1) D:5            Lair (5/5) D:10
 Shoals (0/4) Lair:2        Snake (0/4) Lair:2        Slime (0/5) Lair:4
  Sewer (visited)
    Orc: D:9-12

Altars:
Ashenzari
Cheibriados
Dithmenos
Elyvilon
Fedhas
Gozag
Hepliaklqana
Kikubaaqudgha
Makhleb
Nemelex Xobeh
Okawaru
Qazlal
Ru
Sif Muna
Trog
Uskayaw
Vehumet
Wu Jian
Xom
Yredelemnul
Zin
The Shining One
Jiyva

Shops:
D:10 *

Annotations:
D:9 1 runed translucent door, exclusions: door and skeletal warrior
D:11 Erolcha, Urug


Innate Abilities, Weirdness & Mutations

You have very sharp teeth.
Your uncanny sense of smell can sniff out nearby items.
Your experience applies equally to all skills.


Message History

Your surroundings suddenly seem different.
A cane toad, 3 yaks and a water moccasin come into view.
The bullfrog moves out of view.
A cane toad comes into view.
The blink frog gives a loud, deep croak!
You hear a croak.
The water moccasin hisses angrily.
You hear a bellow!
You hear a loud, deep croak!
The cane toad croaks.
You hear a bellow!
A yak comes into view.
The cane toad croaks.
You hear a loud, deep croak!
You hear a bellow!
The blink frog misses you. The blink frog barely misses you.
A blink frog comes into view.
The blink frog blinks!
A cane toad comes into view.
As you read the scroll of teleportation, it crumbles to dust.
You feel strangely unstable. The water moccasin bites you.
* * * LOW HITPOINT WARNING * * *
The blink frog hits you!
* * * LOW HITPOINT WARNING * * *
The blink frog blinks!
The blink frog hits you but does no damage.
You take 15 damage, and have 16/99 hp.
The blink frog hits you!
* * * LOW HITPOINT WARNING * * *
The blink frog blinks!
You take 8 damage, and have 8/99 hp.
The cane toad attacks as you move away!
The cane toad stings you but does no damage.
The water moccasin attacks as you move away!
The water moccasin bites you.
* * * LOW HITPOINT WARNING * * *
The water moccasin bites you but does no damage.
You take 3 damage, and have 5/99 hp.
The cane toad attacks as you move away! The cane toad closely misses you.
Your surroundings suddenly seem different.
A torpor snail and 4 yaks come into view.
Found two stone staircases leading up.
The yak bellows! x2
Really read
p - a scroll of blinking {!r}?
Blink to where?
Press: ? - help, Dir - move target
As you read the scroll of blinking {!r}, it crumbles to dust.
Being near the torpor snail leaves you feeling lethargic.
The yak bellows!
You fly upwards.
You feel yourself speed up.
There is a stone staircase leading down here.
Magic restored.
HP restored.
Done exploring.
Health restored: 99; MP restored: 27 You fly downwards.
The cane toad gives a loud, deep croak!
The yak gores you but does no damage. x3
The torpor snail completely misses you.
Being near the torpor snail leaves you feeling lethargic.
There is a stone staircase leading up here.
Casting: Flame Wave (mildly dangerous; 1% risk of failure)
Confirm with . or Enter, or press ? or * to list all spells.
Casting: Flame Wave (mildly dangerous; 1% risk of failure)
Press: ? - help, Dir - look around, f - activate You feel a surge of power!
A wave of flame ripples out!
The flame wave engulfs the yak! x2
The flame wave engulfs the torpor snail!
The flame wave engulfs the yak! (Press . to intensify the flame waves.)
You hear an angry hiss.
The yak completely misses you. The yak gores you. The yak closely misses you.
The torpor snail closely misses you. The yak gores you.
The yak barely misses you. The yak gores you! The yak barely misses you.
You take 14 damage, and have 85/99 hp.
You now have 23/27 mp.
A wave of flame ripples out!
The flame wave engulfs the yak.
The flame wave engulfs the yak!!
The flame wave engulfs the yak!
The flame wave engulfs the torpor snail but does no damage.
The flame wave engulfs the yak!
You hear a loud, deep croak!
The torpor snail bites you! The yak barely misses you. The yak gores you.
The yak completely misses you. x2
You take 15 damage, and have 70/99 hp.
You now have 22/27 mp.
A wave of flame ripples out!
The flame wave engulfs the yak! x3
The flame wave engulfs the torpor snail.
The flame wave engulfs the yak!
Vehumet accepts your kill.
You feel your power returning.
The flame wave engulfs the cane toad.
You hear a loud, deep croak!
You hear a croak.
You hear a bellow!
The yak closely misses you. The yak misses you. The yak gores you!
The torpor snail bites you! The cane toad barely misses you.
The yak completely misses you. The yak misses you. The yak gores you!
You take 32 damage, and have 38/99 hp.
MASSIVE DAMAGE!!
You regained 2 mp, and now have 24/27 mp.
The cane toad stings you!
You are poisoned.
The cane toad poisons you! The torpor snail bites you!
* * * LOW HITPOINT WARNING * * *
The yak gores you!
* * * LOW HITPOINT WARNING * * *
The yak gores you.
* * * LOW HITPOINT WARNING * * *
The yak gores you!
You die...

.......P ## ##
.........#.#######.#
......?........Yw..#
...............Y@Y.#
..............SF...#
.$..........F......#
.............<.....#
...................#
#..................#
.......###...#...P.#
.....Y.#############
...F...P#


You could see a torpor snail, 3 yaks, 2 cane toads and a water moccasin.

Vanquished Creatures
  Gastronok (Lair:1)
  Kirke (Lair:4)
  A fire dragon (Lair:1)
  Josephine (Lair:3)
  2 hydras (Lair:3)
  Erica (Lair:1)
  2 two-headed ogres
  A fire crab (Lair:4)
  A deep troll (Lair:3)
  A lindwurm (Lair:4)
  3 oklob plants
  3 elephants (Lair:5)
  A black mamba (Lair:4)
  10 cane toads
  A kobold demonologist (D:10)
  3 komodo dragons
  A rime drake (Lair:2)
  Prince Ribbit (Lair:3)
  16 blink frogs
  An air elemental (D:10)
  4 wraiths
  A shadow (D:10)
  2 wyverns
  A water elemental (D:10)
  A basilisk (Lair:2)
  31 yaks
  A fire elemental (D:10)
  5 hogs (Lair:4)
  A vampire mosquito (D:7)
  Menkaure (D:7)
  A naga (Lair:2)
  2 acid dragons
  A steam dragon (D:10)
  8 water moccasins
  Pargi (D:3)
  3 orc warriors
  An ice beast (D:6)
  3 black bears
  21 wolves
  8 centaurs
  2 ogres
  3 phantoms
  4 kobold brigands
  Blork the orc (D:4)
  13 bullfrogs
  A gnoll sergeant (D:11)
  3 scorpions
  An earth elemental (D:10)
  An electric eel (Lair:4)
  A howler monkey (D:6)
  2 jellies (D:6)
  5 hounds
  6 orc priests
  2 iguanas (D:5)
  Ijyb (D:5)
  3 sleepcaps
  3 orc wizards
  5 hell rats (Lair:3)
  14 gnolls
  13 adders
  6 river rats (Sewer)
  A white imp (D:8)
  An ufetubus (D:5)
  A worm (D:3)
  3 dart slugs
  33 orcs
  3 bats
  10 endoplasms
  9 giant cockroaches
  6 goblins
  8 hobgoblins
  2 jackals (D:1)
  13 kobolds
  3 quokkas
  8 ball pythons
  8 frilled lizards
  12 rats
360 creatures vanquished.

Vanquished Creatures (collateral kills)
  25 foxfires
25 creatures vanquished.

Vanquished Creatures (others)
  A wizard (D:7)
  1296 foxfires
  2 fulminant prisms (Lair:4)
1299 creatures vanquished.

Grand Total: 1684 creatures vanquished

Notes
Turn   | Place    | Note
-------+----------+-------------------------------------------
     0 | D:1      | IndexError the Gnoll Fire Elementalist began the quest for
                  | the Orb.
     0 | D:1      | Reached XP level 1. HP: 13/13 MP: 6/6
     9 | D:1      | Noticed a swamp worm
     9 | D:1      | Noticed a water moccasin
    10 | D:1      | Noticed a komodo dragon
    10 | D:1      | Noticed a four-headed hydra
    60 | D:1      | Reached skill level 2 in Conjurations
   274 | D:1      | Reached XP level 2. HP: 19/19 MP: 4/7
  1004 | D:1      | You fall into a shaft and drop 1 floor!
  1032 | D:2      | Reached skill level 5 in Spellcasting
  1032 | D:2      | Reached XP level 3. HP: 25/25 MP: 2/9
  1124 | D:2      | Reached skill level 1 in Invocations
  1241 | D:2      | Reached skill level 1 in Fighting
  1241 | D:2      | Reached skill level 1 in Short Blades
  1241 | D:2      | Reached skill level 1 in Long Blades
  1241 | D:2      | Reached skill level 1 in Axes
  1241 | D:2      | Reached skill level 1 in Maces & Flails
  1241 | D:2      | Reached skill level 1 in Polearms
  1241 | D:2      | Reached skill level 1 in Staves
  1241 | D:2      | Reached skill level 1 in Ranged Weapons
  1241 | D:2      | Reached skill level 1 in Throwing
  1241 | D:2      | Reached skill level 1 in Armour
  1241 | D:2      | Reached skill level 1 in Shields
  1241 | D:2      | Reached skill level 1 in Unarmed Combat
  1241 | D:2      | Reached skill level 1 in Evocations
  1326 | D:1      | Reached XP level 4. HP: 32/32 MP: 8/11
  1515 | D:1      | Learned a level 2 spell: Scorch
  1519 | D:1      | Learned a level 3 spell: Inner Flame
  1523 | D:1      | Learned a level 3 spell: Volatile Blastmotes
  1528 | D:1      | Learned a level 4 spell: Flame Wave
  2070 | D:2      | Reached skill level 1 in Hexes
  2070 | D:2      | Reached skill level 1 in Summonings
  2070 | D:2      | Reached skill level 1 in Necromancy
  2070 | D:2      | Reached skill level 1 in Translocations
  2070 | D:2      | Reached skill level 1 in Transmutations
  2070 | D:2      | Reached skill level 1 in Ice Magic
  2070 | D:2      | Reached skill level 1 in Air Magic
  2070 | D:2      | Reached skill level 1 in Earth Magic
  2070 | D:2      | Reached skill level 1 in Poison Magic
  2070 | D:2      | Reached skill level 1 in Shapeshifting
  2490 | D:3      | Reached XP level 5. HP: 37/37 MP: 7/12
  2881 | D:3      | Found a glowing silver altar of Zin.
  2881 | D:3      | Noticed Pargi
  2903 | D:3      | Killed Pargi
  2904 | D:3      | Reached skill level 2 in Invocations
  2904 | D:3      | Reached XP level 6. HP: 41/44 MP: 4/14
  3194 | D:3      | Reached skill level 2 in Fighting
  3194 | D:3      | Reached skill level 2 in Short Blades
  3194 | D:3      | Reached skill level 2 in Long Blades
  3194 | D:3      | Reached skill level 2 in Axes
  3194 | D:3      | Reached skill level 2 in Maces & Flails
  3194 | D:3      | Reached skill level 2 in Polearms
  3194 | D:3      | Reached skill level 2 in Staves
  3194 | D:3      | Reached skill level 2 in Ranged Weapons
  3194 | D:3      | Reached skill level 2 in Throwing
  3194 | D:3      | Reached skill level 2 in Armour
  3194 | D:3      | Reached skill level 5 in Dodging
  3194 | D:3      | Reached skill level 2 in Shields
  3194 | D:3      | Reached skill level 2 in Unarmed Combat
  3194 | D:3      | Reached skill level 2 in Evocations
  3600 | D:3      | Found a blossoming altar of Fedhas.
  3879 | D:4      | Reached XP level 7. HP: 50/51 MP: 2/15
  4113 | D:4      | Noticed Blork the orc
  4143 | D:4      | Killed Blork the orc
  4144 | D:4      | Reached skill level 3 in Conjurations
  4144 | D:4      | Reached skill level 2 in Hexes
  4144 | D:4      | Reached skill level 2 in Summonings
  4144 | D:4      | Reached skill level 2 in Necromancy
  4144 | D:4      | Reached skill level 2 in Translocations
  4144 | D:4      | Reached skill level 2 in Transmutations
  4144 | D:4      | Reached skill level 2 in Ice Magic
  4144 | D:4      | Reached skill level 2 in Air Magic
  4144 | D:4      | Reached skill level 2 in Earth Magic
  4144 | D:4      | Reached skill level 2 in Poison Magic
  4144 | D:4      | Reached skill level 2 in Shapeshifting
  4763 | D:5      | Entered Level 5 of the Dungeon
  4944 | D:5      | Reached skill level 5 in Stealth
  4944 | D:5      | Reached skill level 3 in Invocations
  5228 | D:5      | Found a staircase to the Ecumenical Temple.
  5332 | D:5      | Reached skill level 6 in Fire Magic
  5419 | Temple   | Found a transporter.
  5419 | Temple   | Found a transporter.
  5419 | Temple   | Found a transporter.
  5419 | Temple   | Found a transporter.
  5419 | Temple   | Entered the Ecumenical Temple
  5480 | Temple   | Became a worshipper of Vehumet
  5546 | D:5      | Reached XP level 8. HP: 57/57 MP: 11/16
  5702 | D:5      | Reached skill level 3 in Fighting
  5702 | D:5      | Reached skill level 3 in Short Blades
  5702 | D:5      | Reached skill level 3 in Long Blades
  5702 | D:5      | Reached skill level 3 in Axes
  5702 | D:5      | Reached skill level 3 in Maces & Flails
  5702 | D:5      | Reached skill level 3 in Polearms
  5702 | D:5      | Reached skill level 3 in Staves
  5702 | D:5      | Reached skill level 3 in Ranged Weapons
  5702 | D:5      | Reached skill level 3 in Throwing
  5702 | D:5      | Reached skill level 3 in Armour
  5702 | D:5      | Reached skill level 3 in Shields
  5702 | D:5      | Reached skill level 3 in Unarmed Combat
  5702 | D:5      | Reached skill level 3 in Evocations
  5930 | D:5      | Reached skill level 6 in Spellcasting
  6367 | D:5      | Noticed Ijyb
  6384 | D:5      | Killed Ijyb
  6674 | D:6      | Found a glowing drain.
  6792 | Sewer    | Entered a sewer
  7143 | Sewer    | Reached * piety under Vehumet
  7143 | Sewer    | Offered knowledge of Sandblast by Vehumet.
  7411 | D:6      | Reached skill level 4 in Invocations
  7422 | D:6      | Reached skill level 3 in Hexes
  7422 | D:6      | Reached skill level 3 in Summonings
  7422 | D:6      | Reached skill level 3 in Necromancy
  7422 | D:6      | Reached skill level 3 in Translocations
  7422 | D:6      | Reached skill level 3 in Transmutations
  7422 | D:6      | Reached skill level 3 in Ice Magic
  7422 | D:6      | Reached skill level 3 in Air Magic
  7422 | D:6      | Reached skill level 3 in Earth Magic
  7422 | D:6      | Reached skill level 3 in Poison Magic
  7422 | D:6      | Reached skill level 3 in Shapeshifting
  7628 | D:6      | Found a sparkling altar of Nemelex Xobeh.
  7649 | D:6      | Reached skill level 6 in Dodging
  7762 | D:6      | Reached XP level 9. HP: 65/65 MP: 12/18
  8005 | D:6      | Reached skill level 4 in Fighting
  8005 | D:6      | Reached skill level 4 in Short Blades
  8005 | D:6      | Reached skill level 4 in Long Blades
  8005 | D:6      | Reached skill level 4 in Axes
  8005 | D:6      | Reached skill level 4 in Maces & Flails
  8005 | D:6      | Reached skill level 4 in Polearms
  8005 | D:6      | Reached skill level 4 in Staves
  8005 | D:6      | Reached skill level 4 in Ranged Weapons
  8005 | D:6      | Reached skill level 4 in Throwing
  8005 | D:6      | Reached skill level 4 in Armour
  8005 | D:6      | Reached skill level 4 in Shields
  8005 | D:6      | Reached skill level 4 in Unarmed Combat
  8005 | D:6      | Reached skill level 4 in Conjurations
  8005 | D:6      | Reached skill level 4 in Evocations
  8205 | D:7      | Noticed Menkaure
  8285 | D:7      | Killed Menkaure
  8286 | D:7      | Reached skill level 6 in Stealth
  8875 | D:7      | Learned a level 1 spell: Sandblast
  8878 | D:7      | Learned a level 2 spell: Blink
  8930 | D:7      | Noticed a skeletal warrior
  8963 | D:7      | Offered knowledge of Searing Ray by Vehumet.
  9101 | D:7      | Found a bloodstained altar of Trog.
  9109 | D:7      | Noticed a wizard
  9112 | D:7      | Killed a wizard
  9183 | D:7      | Reached skill level 5 in Invocations
  9590 | D:8      | Reached skill level 4 in Translocations
  9590 | D:8      | Reached ** piety under Vehumet
  9727 | D:8      | Reached skill level 7 in Spellcasting
  9840 | D:8      | Reached skill level 4 in Hexes
  9840 | D:8      | Reached skill level 4 in Summonings
  9840 | D:8      | Reached skill level 4 in Necromancy
  9840 | D:8      | Reached skill level 4 in Transmutations
  9840 | D:8      | Reached skill level 4 in Ice Magic
  9840 | D:8      | Reached skill level 4 in Air Magic
  9840 | D:8      | Reached skill level 4 in Earth Magic
  9840 | D:8      | Reached skill level 4 in Poison Magic
  9840 | D:8      | Reached skill level 4 in Shapeshifting
 10230 | D:8      | Found an opulent altar of Gozag.
 10326 | D:9      | Noticed a two-headed ogre
 10332 | D:9      | Killed a two-headed ogre
 10333 | D:9      | Reached skill level 5 in Fighting
 10333 | D:9      | Reached skill level 5 in Short Blades
 10333 | D:9      | Reached skill level 5 in Long Blades
 10333 | D:9      | Reached skill level 5 in Axes
 10333 | D:9      | Reached skill level 5 in Maces & Flails
 10333 | D:9      | Reached skill level 5 in Polearms
 10333 | D:9      | Reached skill level 5 in Staves
 10333 | D:9      | Reached skill level 5 in Ranged Weapons
 10333 | D:9      | Reached skill level 5 in Throwing
 10333 | D:9      | Reached skill level 5 in Armour
 10333 | D:9      | Reached skill level 5 in Shields
 10333 | D:9      | Reached skill level 5 in Unarmed Combat
 10333 | D:9      | Reached skill level 7 in Fire Magic
 10333 | D:9      | Reached skill level 5 in Evocations
 10333 | D:9      | Reached XP level 10. HP: 74/74 MP: 13/20
 10430 | D:9      | Reached skill level 7 in Dodging
 10919 | D:9      | Reached skill level 5 in Conjurations
 10919 | D:9      | Reached skill level 5 in Translocations
 10926 | D:9      | Reached skill level 6 in Invocations
 11037 | D:9      | Offered knowledge of Frozen Ramparts by Vehumet.
 11038 | D:9      | Reached skill level 7 in Stealth
 11205 | D:9      | Found a runed translucent door.
 11205 | D:9      | Noticed a skeletal warrior
 11340 | D:10     | Entered Level 10 of the Dungeon
 11415 | D:10     | Identified a scroll of acquirement
 11416 | D:10     | Acquired the scarf "Xonuowick" {rC+ rF+, +Inv rElec rPois
                  | Dex+4}
 11426 | D:10     | Noticed a kobold demonologist
 11432 | D:10     | Noticed a rust devil
 11442 | D:10     | Killed a kobold demonologist
 11564 | D:10     | Found Rizunyl's Assorted Antiques.
 11668 | D:9      | Learned a level 3 spell: Frozen Ramparts
 11778 | D:10     | Noticed a two-headed ogre
 11787 | D:10     | Killed a two-headed ogre
 12018 | D:10     | Found a staircase to the Lair.
 12105 | D:10     | Reached XP level 11. HP: 81/81 MP: 13/22
 12107 | D:10     | Reached *** piety under Vehumet
 12109 | D:10     | Reached skill level 6 in Fighting
 12109 | D:10     | Reached skill level 6 in Short Blades
 12109 | D:10     | Reached skill level 6 in Long Blades
 12109 | D:10     | Reached skill level 6 in Axes
 12109 | D:10     | Reached skill level 6 in Maces & Flails
 12109 | D:10     | Reached skill level 6 in Polearms
 12109 | D:10     | Reached skill level 6 in Staves
 12109 | D:10     | Reached skill level 6 in Ranged Weapons
 12109 | D:10     | Reached skill level 6 in Throwing
 12109 | D:10     | Reached skill level 6 in Armour
 12109 | D:10     | Reached skill level 6 in Shields
 12109 | D:10     | Reached skill level 6 in Unarmed Combat
 12109 | D:10     | Reached skill level 6 in Translocations
 12109 | D:10     | Reached skill level 6 in Evocations
 12181 | D:10     | Reached skill level 5 in Hexes
 12181 | D:10     | Reached skill level 5 in Summonings
 12181 | D:10     | Reached skill level 5 in Necromancy
 12181 | D:10     | Reached skill level 5 in Transmutations
 12181 | D:10     | Reached skill level 5 in Ice Magic
 12181 | D:10     | Reached skill level 5 in Air Magic
 12181 | D:10     | Reached skill level 5 in Earth Magic
 12181 | D:10     | Reached skill level 5 in Poison Magic
 12181 | D:10     | Reached skill level 5 in Shapeshifting
 12185 | D:10     | Reached skill level 8 in Spellcasting
 12572 | D:10     | Identified the +3 glaive of the Tooth {chaos, rF+ Will+}
 12600 | D:10     | Found a large runed translucent door.
 12604 | D:10     | Found a large runed translucent door.
 12730 | D:10     | Paralysed by an air elemental for 1 turns
 12743 | D:10     | HP: 16/81 [earth elemental (26)]
 12998 | D:11     | Noticed Urug
 13000 | D:11     | Noticed Erolcha
 13028 | Lair:1   | Entered Level 1 of the Lair of Beasts
 13028 | Lair:1   | Noticed Gastronok
 13157 | Lair:1   | Offered knowledge of Mephitic Cloud by Vehumet.
 13167 | Lair:1   | Killed Gastronok
 13168 | Lair:1   | Reached skill level 8 in Dodging
 13168 | Lair:1   | Reached skill level 7 in Invocations
 13349 | Lair:1   | Noticed Erica
 13370 | Lair:1   | HP: 16/83 [something (10)]
 13374 | Lair:1   | HP: 6/83 [blink frog (11)]
 13374 | Lair:1   | HP: 1/83 [something (5)]
 13633 | Lair:1   | Killed Erica
 13634 | Lair:1   | Reached skill level 6 in Conjurations
 13652 | Lair:1   | Reached skill level 8 in Stealth
 13652 | Lair:1   | Reached skill level 7 in Translocations
 14124 | Lair:1   | Found a blossoming altar of Fedhas.
 14127 | Lair:1   | Noticed an oklob plant
 14137 | Lair:1   | Killed an oklob plant
 14212 | Lair:1   | Noticed an oklob plant
 14219 | Lair:1   | Killed an oklob plant
 14220 | Lair:1   | Reached skill level 8 in Fire Magic
 14314 | Lair:1   | Found a shimmering altar of Xom.
 14611 | Lair:1   | Noticed a fire dragon
 14623 | Lair:1   | Learned a level 4 spell: Airstrike
 14698 | Lair:1   | Killed a fire dragon
 14699 | Lair:1   | Reached XP level 12. HP: 43/89 MP: 11/24
 14963 | Lair:1   | Reached skill level 7 in Fighting
 14963 | Lair:1   | Reached skill level 7 in Short Blades
 14963 | Lair:1   | Reached skill level 7 in Long Blades
 14963 | Lair:1   | Reached skill level 7 in Axes
 14963 | Lair:1   | Reached skill level 7 in Maces & Flails
 14963 | Lair:1   | Reached skill level 7 in Polearms
 14963 | Lair:1   | Reached skill level 7 in Staves
 14963 | Lair:1   | Reached skill level 7 in Ranged Weapons
 14963 | Lair:1   | Reached skill level 7 in Throwing
 14963 | Lair:1   | Reached skill level 7 in Armour
 14963 | Lair:1   | Reached skill level 7 in Shields
 14963 | Lair:1   | Reached skill level 7 in Unarmed Combat
 14963 | Lair:1   | Reached skill level 7 in Evocations
 15426 | Lair:2   | Reached **** piety under Vehumet
 15427 | Lair:2   | Reached skill level 6 in Hexes
 15427 | Lair:2   | Reached skill level 6 in Summonings
 15427 | Lair:2   | Reached skill level 6 in Necromancy
 15427 | Lair:2   | Reached skill level 6 in Transmutations
 15427 | Lair:2   | Reached skill level 6 in Ice Magic
 15427 | Lair:2   | Reached skill level 6 in Air Magic
 15427 | Lair:2   | Reached skill level 6 in Earth Magic
 15427 | Lair:2   | Reached skill level 6 in Poison Magic
 15427 | Lair:2   | Reached skill level 6 in Shapeshifting
 15470 | Lair:2   | Reached skill level 8 in Invocations
 15587 | Lair:2   | Offered knowledge of Fulminant Prism by Vehumet.
 15595 | Lair:2   | Reached skill level 9 in Spellcasting
 15963 | Lair:2   | Reached skill level 8 in Translocations
 16144 | Lair:2   | Found a staircase to the Snake Pit.
 16315 | Lair:2   | Found a staircase to the Shoals.
 16674 | Lair:3   | Noticed Prince Ribbit
 16679 | Lair:3   | Killed Prince Ribbit
 16713 | Lair:3   | Reached skill level 9 in Dodging
 17001 | Lair:3   | Noticed a six-headed hydra
 17006 | Lair:3   | Killed a six-headed hydra
 17616 | Lair:3   | Noticed Josephine
 18110 | Lair:2   | Reached skill level 9 in Stealth
 18150 | Lair:3   | Killed Josephine
 18156 | Lair:3   | Reached skill level 7 in Conjurations
 18406 | Lair:4   | Reached skill level 8 in Fighting
 18406 | Lair:4   | Reached skill level 8 in Short Blades
 18406 | Lair:4   | Reached skill level 8 in Long Blades
 18406 | Lair:4   | Reached skill level 8 in Axes
 18406 | Lair:4   | Reached skill level 8 in Maces & Flails
 18406 | Lair:4   | Reached skill level 8 in Polearms
 18406 | Lair:4   | Reached skill level 8 in Staves
 18406 | Lair:4   | Reached skill level 8 in Ranged Weapons
 18406 | Lair:4   | Reached skill level 8 in Throwing
 18406 | Lair:4   | Reached skill level 8 in Armour
 18406 | Lair:4   | Reached skill level 8 in Shields
 18406 | Lair:4   | Reached skill level 8 in Unarmed Combat
 18406 | Lair:4   | Reached skill level 8 in Evocations
 18406 | Lair:4   | Reached XP level 13. HP: 75/98 MP: 20/26
 18566 | Lair:3   | Learned a level 4 spell: Fulminant Prism
 18668 | Lair:4   | HP: 23/98 [poisoned by a cane toad]
 18672 | Lair:4   | HP: 10/98 [cane toad (3)]
 18676 | Lair:3   | Reached skill level 9 in Invocations
 18876 | Lair:3   | Upgraded the game from 0.31-a0-437-g7cee417757 to
                  | 0.31-a0-446-g07c4bd200f
 18888 | Lair:3   | Reached skill level 9 in Translocations
 19154 | Lair:4   | Reached ***** piety under Vehumet
 19513 | Lair:4   | Found a staircase to the Slime Pits.
 19538 | Lair:4   | Found a viscous altar of Jiyva.
 19695 | Lair:4   | Offered knowledge of Lee's Rapid Deconstruction by Vehumet.
 20076 | Lair:4   | Noticed Kirke
 20094 | Lair:4   | Reached skill level 7 in Hexes
 20094 | Lair:4   | Reached skill level 7 in Summonings
 20094 | Lair:4   | Reached skill level 7 in Necromancy
 20094 | Lair:4   | Reached skill level 7 in Transmutations
 20094 | Lair:4   | Reached skill level 9 in Fire Magic
 20094 | Lair:4   | Reached skill level 7 in Ice Magic
 20094 | Lair:4   | Reached skill level 7 in Air Magic
 20094 | Lair:4   | Reached skill level 7 in Earth Magic
 20094 | Lair:4   | Reached skill level 7 in Poison Magic
 20094 | Lair:4   | Reached skill level 7 in Shapeshifting
 20098 | Lair:4   | Killed Kirke
 20652 | Lair:5   | Entered Level 5 of the Lair of Beasts
 20663 | Lair:5   | HP: 13/99 [komodo dragon (18)]
 20663 | Lair:5   | HP: 2/99 [cane toad (11)]
 20702 | Lair:5   | Reached skill level 10 in Spellcasting
 20706 | Lair:5   | HP: 23/99 [five-headed hydra (2)]
 20706 | Lair:5   | HP: 7/99 [five-headed hydra (6)]
 20706 | Lair:5   | HP: 3/99 [five-headed hydra (4)]
 20718 | Lair:5   | HP: 16/99 [blink frog (11)]
 20720 | Lair:5   | HP: 5/99 [water moccasin (3)]
 20984 | Lair:5   | HP: 21/99 [torpor snail (9)]
 20984 | Lair:5   | HP: 6/99 [yak[a torpor snail] (6)]
 20984 | Lair:5   | Mangled by a yak

Illustrated notes

Levels and vault maps discovered:
D:1:      onia_arrival_zoo_common, layout_loops_corners
D:2:      layout_basic
D:3:      layout_basic, lemuel_coloured_pillars_altar,
          overflow_temple_1_default, minmay_misc_feat_encased, uniq_pargi
D:4:      layout_cave_pods, uniq_blork_the_orc
D:5:      layout_basic, minmay_temple_entry_ruins, st_stairs_9, uniq_ijyb
D:6:      layout_cave_pools, nemelex_spade_bored_becter, gup_sewer_entry_glass
D:7:      layout_rooms, trog_wizard, minmay_manual_macuahuitl, uniq_menkaure
D:8:      layout_loops_cross, kennysheep_little_box, serial_bayou_pond_a
D:9:      layout_basic, minivault_13
D:10:     layout_loops_ring, lair_entry_dummy, serial_shops, shop,
          nicolae_wwwww, lightli_elemental_guards
D:11:     layout_cave_pools, serial_rivers, chequers_serial_rivers_micro_a,
          chequers_serial_rivers_micro_c, chequers_serial_rivers_large_a,
          chequers_serial_rivers_micro_e, uniq_urug, uniq_erolcha
Temple:   hellmonk_temple_divided_pantheon
Lair:1:   dragon1_lemuel, layout_cave_pods, hangedman_tree_tricks,
          lemuel_centaur_altar, uniq_gastronok, uniq_erica
Lair:2:   layout_cave_pods, minmay_shoals_entry_centaurs,
          guppyfry_snake_entry_garden
Lair:3:   dreamdust_cave_troll, layout_gridlike, chequers_serial_rivers_micro_e,
          guppyfry_lair_drakes, uniq_prince_ribbit2, uniq_josephine
Lair:4:   layout_small_grid, slime_entry_1, lookout_lair_type,
          beast_lair_carwin_6, uniq_kirke
Lair:5:   minmay_lair_end_frog_pond, layout_hall_layers, serial_bayou_pond_e,
          worms_lemuel, serial_bayou_shore_b, lemuel_fruit_tree

Skill      XL: |  1  2  3  4  5  6  7  8  9 10 11 12 13 |
---------------+----------------------------------------+-----
Conjurations   | 2 3 4 5 6 7 |  7.5
Spellcasting   | 5 6 7 8 9 10 | 10.0
Invocations    | 1 2 3 4 5 6 7 8 9 |  9.4
Fighting       | 1 2 3 5 6 8 |  8.6
Short Blades   | 1 2 3 5 6 8 |  8.6
Long Blades    | 1 2 3 5 6 8 |  8.6
Axes           | 1 2 3 5 6 8 |  8.6
Maces & Flails | 1 2 3 5 6 8 |  8.6
Polearms       | 1 2 3 5 6 8 |  8.6
Staves         | 1 2 3 5 6 8 |  8.6
Ranged Weapons | 1 2 3 5 6 8 |  8.6
Throwing       | 1 2 3 5 6 8 |  8.6
Armour         | 1 2 3 5 6 8 |  8.6
Shields        | 1 2 3 5 6 8 |  8.6
Unarmed Combat | 1 2 3 5 6 8 |  8.6
Evocations     | 1 2 3 5 6 8 |  8.6
Hexes          | 1 2 3 4 5 6 7 |  7.1
Summonings     | 1 2 3 4 5 6 7 |  7.1
Necromancy     | 1 2 3 4 5 6 7 |  7.1
Translocations | 1 2 3 4 5 7 8 9 |  9.4
Transmutations | 1 2 3 4 5 6 7 |  7.1
Ice Magic      | 1 2 3 4 5 6 7 |  7.1
Air Magic      | 1 2 3 4 5 6 7 |  7.1
Earth Magic    | 1 2 3 4 5 6 7 |  7.1
Poison Magic   | 1 2 3 4 5 6 7 |  7.1
Shapeshifting  | 1 2 3 4 5 6 7 |  7.1
Dodging        | 5 6 7 8 9 |  9.8
Stealth        | 5 6 7 8 9 |  9.6
Fire Magic     | 6 7 8 9 |  9.1

Action                     |  1- 3 |  4- 6 |  7- 9 | 10-12 | 13-15 || total
---------------------------+-------+-------+-------+-------+-------++-------
  Melee: Staff             |       |       |    13 |    42 |    21 ||    76
         Bite              |       |       |     1 |     6 |     4 ||    11
         Punch             |       |       |       |     1 |     2 ||     3
   Cast: Foxfire           |    61 |   136 |   253 |   274 |    54 ||   778
         Scorch            |       |     7 |    30 |    25 |     3 ||    65
         Volatile Blastmot |       |       |     4 |     5 |       ||     9
         Inner Flame       |       |       |    16 |    55 |     7 ||    78
         Sandblast         |       |       |       |    36 |    13 ||    49
         Flame Wave        |       |       |       |    17 |    14 ||    31
         Frozen Ramparts   |       |       |       |     4 |     3 ||     7
         Airstrike         |       |       |       |     2 |     2 ||     4
         Fulminant Prism   |       |       |       |       |     2 ||     2
  Evoke: Wand              |       |       |       |     4 |       ||     4
    Use: Scroll            |       |       |       |    23 |     6 ||    29
         Potion            |       |       |       |       |     4 ||     4
   Stab: Sleeping          |       |       |     1 |       |       ||     1
 Armour: Robe              |       |     2 |     4 |       |       ||     6
         Quicksilver drago |       |       |    11 |    84 |    63 ||   158
  Dodge: Dodged            |     1 |    11 |    32 |   130 |    96 ||   270

Table legend: (Time is in decaauts)
 A = Elapsed time spent in this place.
 B = Non-inter-level travel time spent in this place.
 C = Inter-level travel time spent in this place.
 D = Time resting spent in this place.
 E = Time spent auto-exploring this place.
 F = Levels seen in this place.
 G = Mean time per level.
                   A        B        C        D        E       F      G
               +--------+--------+--------+--------+--------+-----+--------+
         Total |  21085 |  19973 |   1112 |    201 |  16881 |  18 | 1171.4 |
       Dungeon |  12806 |  11946 |    860 |     88 |  10133 |  11 | 1164.2 |
        Temple |     79 |     63 |     16 |      0 |      0 |   1 |   79.0 |
          Lair |   7671 |   7435 |    236 |    113 |   6294 |   5 | 1534.2 |
         Sewer |    528 |    528 |      0 |      0 |    453 |   1 |  528.0 |
               +--------+--------+--------+--------+--------+-----+--------+

Top non-repeatable levels by time:
  Lair:4: 2019 daAuts
  Lair:3: 2018 daAuts
  Lair:1: 1817 daAuts
     D:5: 1764 daAuts
  Lair:2: 1740 daAuts
    D:10: 1733 daAuts
     D:1: 1333 daAuts
     D:9: 1201 daAuts
     D:3: 1190 daAuts
     D:2: 1180 daAuts
     D:4: 1159 daAuts
     D:7: 1157 daAuts
     D:8: 1099 daAuts
     D:6: 982 daAuts
   Sewer: 528 daAuts

Levels and vault maps discovered:
D:1:      onia_arrival_zoo_common, layout_loops_corners
D:2:      layout_basic
D:3:      layout_basic, lemuel_coloured_pillars_altar,
          overflow_temple_1_default, minmay_misc_feat_encased, uniq_pargi
D:4:      layout_cave_pods, uniq_blork_the_orc
D:5:      layout_basic, minmay_temple_entry_ruins, st_stairs_9, uniq_ijyb
D:6:      layout_cave_pools, nemelex_spade_bored_becter, gup_sewer_entry_glass
D:7:      layout_rooms, trog_wizard, minmay_manual_macuahuitl, uniq_menkaure
D:8:      layout_loops_cross, kennysheep_little_box, serial_bayou_pond_a
D:9:      layout_basic, minivault_13
D:10:     layout_loops_ring, lair_entry_dummy, serial_shops, shop,
          nicolae_wwwww, lightli_elemental_guards
D:11:     layout_cave_pools, serial_rivers, chequers_serial_rivers_micro_a,
          chequers_serial_rivers_micro_c, chequers_serial_rivers_large_a,
          chequers_serial_rivers_micro_e, uniq_urug, uniq_erolcha
Temple:   hellmonk_temple_divided_pantheon
Lair:1:   dragon1_lemuel, layout_cave_pods, hangedman_tree_tricks,
          lemuel_centaur_altar, uniq_gastronok, uniq_erica
Lair:2:   layout_cave_pods, minmay_shoals_entry_centaurs,
          guppyfry_snake_entry_garden
Lair:3:   dreamdust_cave_troll, layout_gridlike, chequers_serial_rivers_micro_e,
          guppyfry_lair_drakes, uniq_prince_ribbit2, uniq_josephine
Lair:4:   layout_small_grid, slime_entry_1, lookout_lair_type,
          beast_lair_carwin_6, uniq_kirke
Lair:5:   minmay_lair_end_frog_pond, layout_hall_layers, serial_bayou_pond_e,
          worms_lemuel, serial_bayou_shore_b, lemuel_fruit_tree

Table legend: (Time is in decaauts)
 A = Elapsed time spent in this place.
 B = Non-inter-level travel time spent in this place.
 C = Inter-level travel time spent in this place.
 D = Time resting spent in this place.
 E = Time spent auto-exploring this place.
 F = Levels seen in this place.
 G = Mean time per level.
                   A        B        C        D        E       F      G
               +--------+--------+--------+--------+--------+-----+--------+
         Total |  21085 |  19973 |   1112 |    201 |  16881 |  18 | 1171.4 |
       Dungeon |  12806 |  11946 |    860 |     88 |  10133 |  11 | 1164.2 |
        Temple |     79 |     63 |     16 |      0 |      0 |   1 |   79.0 |
          Lair |   7671 |   7435 |    236 |    113 |   6294 |   5 | 1534.2 |
         Sewer |    528 |    528 |      0 |      0 |    453 |   1 |  528.0 |
               +--------+--------+--------+--------+--------+-----+--------+

Top non-repeatable levels by time:
  Lair:4: 2019 daAuts
  Lair:3: 2018 daAuts
  Lair:1: 1817 daAuts
     D:5: 1764 daAuts
  Lair:2: 1740 daAuts
    D:10: 1733 daAuts
     D:1: 1333 daAuts
     D:9: 1201 daAuts
     D:3: 1190 daAuts
     D:2: 1180 daAuts
     D:4: 1159 daAuts
     D:7: 1157 daAuts
     D:8: 1099 daAuts
     D:6: 982 daAuts
   Sewer: 528 daAuts

Table legend:
 A = Kills in this place as a percentage of kills in the entire game.
 B = Kills by you in this place as a percentage of kills by you in the entire game.
 C = Kills by friends in this place as a percentage of kills by friends in the entire game.
 D = Other kills in this place as a percentage of other kills in the entire game.
 E = Experience gained in this place as a percentage of experience gained in the entire game.
 F = Experience gained in this place divided by the number of levels of this place that you have seen.
                   A       B       C       D       E      F
               +-------+-------+-------+-------+-------+----------------------
         Total | 100.0 | 100.0 |   N/A |   N/A | 100.0 | 2530.8
       Dungeon |  59.7 |  59.7 |   N/A |   N/A |  26.2 | 1084.3
          Lair |  34.7 |  34.7 |   N/A |   N/A |  73.6 | 6702.2
         Sewer |   5.6 |   5.6 |   N/A |   N/A |   0.3 | 116.0
               +-------+-------+-------+-------+-------+----------------------
